 Dungeon Crawl Stone Soup version 0.23.2-33-g5129a83184 (webtiles) character file.

Game seed: 15108225480242834851

10 psyvane the Vexing (level 2, -1/27 HPs)
             Began as an Ogre Arcane Marksman on July 14, 2019.
             Slain by a leopard gecko (2 damage)
             ... on level 1 of the Dungeon.
             The game lasted 00:01:45 (882 turns).

psyvane the Vexing (Ogre Arcane Marksman)            Turns: 882, Time: 00:01:47

Health: -1/27      AC:  3    Str: 13    XL:     2   Next: 20%
Magic:  0/3        EV: 10    Int: 14    God:
Gold:   7          SH:  0    Dex:  9    Spells: 0/3 levels left

rFire    . . .     SeeInvis .   e - +0 club
rCold    . . .     Gourm    .   (no shield)
rNeg     . . .     Faith    .   a - +0 robe
rPois    .         Spirit   .   (helmet restricted)
rElec    .         Reflect  .   (no cloak)
rCorr    .         Harm     .   (gloves unavailable)
MR       .....                  (boots unavailable)
Stlth    +.........             h - amulet of the acrobat
HPRegen  0.09/turn              (no ring)
MPRegen  0.08/turn              (no ring)

@: very slightly contaminated
A: large, unfitting armour, tough skin 1
a: no special abilities


You were on level 1 of the Dungeon.
You were not hungry.

You visited 1 branch of the dungeon, and saw 1 of its levels.

You collected 7 gold pieces.

Inventory:

Hand Weapons
 e - a +0 club (weapon)
 l - a +0 hand axe
Missiles
 c - a large rock (quivered)
 d - 2 throwing nets
Armour
 a - a +0 robe (worn)
Jewellery
 h - an amulet of the acrobat (around neck)
Scrolls
 b - 2 scrolls of identify {unknown}
 j - a scroll of immolation {unknown}
Potions
 g - a potion of degeneration {unknown}
 k - a potion of brilliance {unknown}
Comestibles
 f - 4 rations
 i - 4 chunks of flesh


   Skills:
 - Level 1.3 Fighting
 - Level 2.0 Throwing
 * Level 2.0 Dodging
 - Level 1.2 Spellcasting
 * Level 3.1 Hexes


You couldn't memorise any spells.
You knew the following spells:

 Your Spells              Type           Power        Failure   Level  Hunger
a - Corona                Hex            #......      7%          1    ##.....
b - Slow                  Hex            #.......     11%         2    ###....

Your spell library contained the following spells:

 Spells                   Type           Power        Failure   Level  Hunger
 Inner Flame              Hex/Fire       #.......     38%         3    ####...
 Portal Projectile        Hex/Tloc       #.....       38%         3    ####...
 Cause Fear               Hex            #.........   56%         4    #####..
 Leda's Liquefaction      Hex/Erth       #.........   80%         4    #####..


Dungeon Overview and Level Annotations

Branches:
Dungeon (1/15)

Altars:


Innate Abilities, Weirdness & Mutations

You are too large for most types of armour.
You have tough skin. (AC +1)


Message History

The leopard gecko barely misses you. The leopard gecko bites you.
* * * LOW HITPOINT WARNING * * *
Throwing (i - inventory. (/) - cycle)
c - 3 large rocks (quivered)
Press: ? - help, Shift-Dir - straight line, f/p - leopard gecko
Aim: a leopard gecko (heavily wounded, clinging)
You throw a large rock.
The large rock misses the leopard gecko.
The leopard gecko bites you.
* * * LOW HITPOINT WARNING * * *
The leopard gecko bites you but does no damage.
Throwing (i - inventory. (/) - cycle)
c - 2 large rocks (quivered)
Press: ? - help, Shift-Dir - straight line, f/p - leopard gecko
Aim: a leopard gecko (heavily wounded, clinging)
You throw a large rock.
The large rock misses the leopard gecko.
The leopard gecko bites you.
* * * LOW HITPOINT WARNING * * *
The leopard gecko bites you but does no damage.
The leopard gecko bites you.
You die...

# ### ###..## ....... ...... #
##### .....# ...## ####...####
...# ......###+###.........##
...+ (⌠....l@'.'......<......
...### ......###'###.........##
.....####...####.....####...####
........#####...........#####.
..............##..#...........
#............##..#..........#
###....###..###.###..########
##.#### #.## ### #.## #..#
#.########.#


You could see a leopard gecko.

Vanquished Creatures
  A goblin (D:1)
  2 hobgoblins (D:1)
  A kobold (D:1)
  A bat (D:1)
  2 frilled lizards (D:1)
  4 rats (D:1)
11 creatures vanquished.

Notes
Turn   | Place    | Note
-------+----------+-------------------------------------------
     0 | D:1      | psyvane the Ogre Arcane Marksman began the quest for the
                  | Orb.
     0 | D:1      | Reached XP level 1. HP: 19/19 MP: 2/2
   365 | D:1      | Reached skill level 3 in Hexes
   653 | D:1      | Reached XP level 2. HP: 27/27 MP: 1/3
   657 | D:1      | Learned a level 2 spell: Slow
   882 | D:1      | HP: 1/27 [leopard gecko (4)]
   882 | D:1      | Slain by a leopard gecko

Skill      XL: |  1 |
---------------+----+-----
Hexes          | 3 |  3.1
Dodging        | 2 |  2.0
Fighting       | |  1.3
Throwing       | |  2.0
Spellcasting   | |  1.2

Action                   || total
-------------------------++-------
Melee: Club              ||    54
       Unarmed           ||    10
Throw: Large rock        ||     4
 Cast: Corona            ||     9
       Slow              ||     1
Armor: Robe              ||    14
Dodge: Dodged            ||    46
